 Dungeon Crawl Stone Soup version 0.30-a0-377-g5cb311bc9f (console) character file.

Game seed: 17964173276216674235

1600 rlgrobin the Summoner (level 8, -4/45 HPs)
             Began as a Deep Elf Chaos Knight on Nov 29, 2022.
             Was a Plaything of Xom.
             Slain by a centaur
             ... wielding a +0 mace
              (7 damage)
             ... on level 6 of the Dungeon.
             The game lasted 00:18:05 (5468 turns).

rlgrobin the Summoner (Deep Elf Chaos Knight)       Turns: 5468, Time: 00:18:06

Health: -4/45      AC:  6    Str: 15    XL:     8   Next: 62%
Magic:  12/19      EV: 13    Int: 18    God:    Xom [.*....]
Gold:   267        SH:  0    Dex: 16    Spells: 14/20 levels left

rFire   . . .      SeeInvis .    a - +0 short sword (chaos)
rCold   + . .      Faith    +    (no shield)
rNeg    . . .      Spirit   .    b - +2 leather armour
rPois   .          Reflect  .    (no helmet)
rElec   .          Harm     .    (no cloak)
rCorr   .          Rampage  .    e - +0 pair of gloves
Will    .....                    (no boots)
Stlth   ++........               k - amulet of faith
HPRegen 0.27/turn                u - ring of Qoow {Fly Str+6}
MPRegen 0.16/turn                y - ring of protection from cold

@: flying
A: no striking features
a: Renounce Religion


You were on level 6 of the Dungeon.
You worshipped Xom.
You were a plaything of Xom.
You visited 1 branch of the dungeon, and saw 6 of its levels.
You also visited: Sewer.

You collected 267 gold pieces.

Inventory:

Hand Weapons
 a - a +0 short sword of chaos (weapon)
Missiles
 l - 6 poisoned darts (quivered)
Armour
 b - a +2 leather armour (worn)
 e - a +0 pair of gloves (worn)
 n - the +1 ring mail of the Maze {rPois rC++ rN+ Stlth-}
   (You found it on level 2 of the Dungeon)

   rC:        It greatly protects you from cold.
   rPois:     It protects you from poison.
   rN:        It protects you from negative energy.
   Stlth:     It makes you less stealthy.
Jewellery
 g - an amulet of the acrobat
 k - an amulet of faith (around neck)
 u - the ring of Qoow (left hand) {Fly Str+6}
   (You found it on level 3 of the Dungeon)

   [ring of strength]

   Str:       It affects your strength (+6).
   Fly:       It grants you flight.
 v - a ring of positive energy
 y - a ring of protection from cold (right hand)
Wands
 m - a wand of polymorph (7)
Scrolls
 f - a scroll of silence {unknown}
 h - a scroll of acquirement {unknown}
 i - a scroll of poison {unknown}
 o - a scroll of vulnerability {unknown}
 q - a scroll of blinking
 s - a scroll of teleportation {unknown}
 t - 2 scrolls of amnesia {unknown}
 w - a scroll of torment {unknown}
 x - 2 scrolls of fog {unknown}
Potions
 d - 2 potions of flight
 j - 2 potions of ambrosia
 p - 2 potions of resistance
 r - a potion of cancellation {unknown}
 z - 2 potions of lignification {unknown}
 A - 2 potions of curing
 B - a potion of might {unknown}
 C - a potion of haste {unknown}
Miscellaneous
 c - a piece from Xom's chessboard (15/15)


   Skills:
 - Level 2.4 Fighting
 - Level 5.0 Short Blades
 - Level 0.7 Armour
 - Level 3.7 Dodging
 - Level 4.0 Stealth
 + Level 6.5 Spellcasting
 + Level 8.3 Summonings


You had 14 spell levels left.
You knew the following spells:

 Your Spells              Type           Power      Damage    Failure   Level
a - Call Canine Familiar  Summ           36%        N/A       1%          3
b - Summon Guardian Gole  Hex/Summ       20%        N/A       8%          3

Your spell library contained the following spells:

 Spells                   Type           Power      Damage    Failure   Level
 Summon Small Mammal      Summ           100%       N/A       1%          1


Dungeon Overview and Level Annotations

Branches:
Dungeon (6/15)              Sewer (visited)
 Temple: D:4-7

Altars:
Elyvilon
Fedhas
Hepliaklqana
Wu Jian
Yredelemnul


Message History

* * * LOW HITPOINT WARNING * * *
The centaur shoots an arrow.
The arrow hits your guardian golem!
The centaur shoots an arrow.
The arrow hits your guardian golem!
Your guardian golem overheats! "This might be better!"
You swap places with your guardian golem.
The centaur unwields a +0 shortbow.
The centaur wields a +0 mace.
The centaur closely misses you. The centaur kicks you.
* * * LOW HITPOINT WARNING * * *
The centaur closely misses you. The centaur misses you.
You hit the centaur.
The centaur easily resists.
The centaur is lightly wounded.
The centaur hits you with a +0 mace.
* * * LOW HITPOINT WARNING * * *
The centaur barely misses you.
You feel better. The centaur barely misses you. The centaur kicks you.
* * * LOW HITPOINT WARNING * * *
You hit the centaur.
The centaur is poisoned.
The centaur is lightly wounded.
The centaur hits you with a +0 mace.
* * * LOW HITPOINT WARNING * * *
The centaur kicks you.
* * * LOW HITPOINT WARNING * * *
The centaur hits you but does no damage.
The centaur closely misses you.
You hit the centaur but do no damage.
The centaur is lightly wounded.
The centaur hits you with a +0 mace.
* * * LOW HITPOINT WARNING * * *
The centaur closely misses you.
You hit the centaur but do no damage.
The centaur is moderately wounded.
The centaur barely misses you.
The centaur kicks you but does no damage.
You hit the centaur.
The centaur is heavily wounded.
The centaur barely misses you. The centaur kicks you.
* * * LOW HITPOINT WARNING * * *
The centaur attacks as you move away! The centaur hits you with a +0 mace!
You die...
S

####### #.....#
#.....###########
#................
#................
####................
.c#####...................
........†..†..............
.....)..c@................
......)).9......>.........
##........##.#............
#####......#..............
# ........#...#...#......
#...$....#.#......)##.##
..#...######.......#.##.#
...###+######.#...#.#.##.#
.....................<.....


You could see a centaur (very poisoned, ally target) and a friendly guardian
golem (summoned, inner flame).

Vanquished Creatures
  An ice beast (D:6)
  Pargi (Sewer)
  A phantom (D:6)
  A scorpion (D:4)
  2 water moccasin zombies (D:4)
  A hound (D:4)
  A jelly (D:4)
  A scorpion zombie (D:4)
  An iguana (D:4)
  2 gnolls (D:5)
  9 adders
  An adder zombie (D:4)
  2 worms (D:3)
  A dart slug (D:1)
  4 orcs
  11 ball pythons
  A bat (D:1)
  6 endoplasms
  4 giant cockroaches
  9 goblins
  10 hobgoblins
  5 jackals
  5 kobolds
  8 quokkas
  A frilled lizard (D:1)
  A quokka zombie (D:4)
  7 rats
97 creatures vanquished.

Vanquished Creatures (collateral kills)
  A hog (shapeshifter) (D:5)
  A water moccasin (D:6)
  A centaur (D:5)
  A necrophage (D:5)
  A gnoll sergeant (D:5)
  2 adders
  4 gnolls (D:5)
  A white imp (D:5)
  3 jackals (D:5)
15 creatures vanquished.

Vanquished Creatures (others)
  A guardian serpent (shapeshifter) (D:6)
  A gnoll sergeant (D:5)
  An orc (D:6)
3 creatures vanquished.

Grand Total: 115 creatures vanquished

Notes
Turn   | Place    | Note
-------+----------+-------------------------------------------
     0 | D:1      | rlgrobin the Deep Elf Chaos Knight began the quest for the
                  | Orb.
     0 | D:1      | Reached XP level 1. HP: 13/13 MP: 3/3
    33 | D:1      | Reached skill level 1 in Stealth
   132 | D:1      | Reached XP level 2. HP: 18/18 MP: 4/4
   331 | D:1      | XOM: silly message
   460 | D:1      | Reached XP level 3. HP: 22/22 MP: 5/5
   634 | D:1      | XOM: noise
   659 | D:1      | Found a faded altar of an unknown god.
   688 | D:1      | You fall into a shaft and drop 1 floor!
   781 | D:1      | XOM: silly message
  1335 | D:2      | Identified the +1 ring mail of the Maze {rPois rC++ rN+
                  | Stlth-}
  1618 | D:2      | XOM: god gift: 30 gold pieces
  1718 | D:3      | XOM: 7-stop teleportation journey
  1812 | D:3      | Found a white marble altar of Elyvilon.
  1883 | D:3      | Reached XP level 4. HP: 19/27 MP: 6/6
  1888 | D:3      | Found a glowing drain.
  1943 | D:3      | XOM: divination: detect creatures
  1945 | Sewer    | Entered a sewer
  2021 | Sewer    | Noticed Pargi
  2027 | Sewer    | XOM: enchant monster (good)
  2028 | Sewer    | Killed Pargi
  2029 | Sewer    | Reached skill level 5 in Short Blades
  2029 | Sewer    | Reached XP level 5. HP: 31/31 MP: 7/7
  2227 | D:3      | Identified the ring of Qoow {Fly Str+6}
  2478 | D:3      | XOM: divination: detect items
  2713 | D:4      | Learned a level 3 spell: Call Canine Familiar
  2799 | D:4      | Reached skill level 1 in Spellcasting
  2799 | D:4      | Reached skill level 1 in Summonings
  2836 | D:4      | Reached XP level 6. HP: 33/36 MP: 8/11
  2852 | D:4      | Reached skill level 2 in Summonings
  3041 | D:4      | Found a basalt altar of Yredelemnul.
  3075 | D:4      | XOM: summons 3 hostile shadow creatures
  3217 | D:4      | XOM: summons 4 hostile demons
  3344 | D:4      | Reached skill level 3 in Summonings
  3371 | D:4      | XOM: swap monsters
  3456 | D:4      | XOM: summons 2 hostile shadow creatures
  3462 | D:5      | Entered Level 5 of the Dungeon
  3462 | D:5      | Found a blossoming altar of Fedhas.
  3648 | D:4      | Found an ornate altar of the Wu Jian Council.
  3657 | D:4      | XOM: torment (19/36 hp)
  3791 | D:4      | XOM: silly message
  3846 | D:4      | Reached XP level 7. HP: 40/40 MP: 14/14
  4016 | D:5      | XOM: 3-stop teleportation journey
  4141 | D:5      | Reached skill level 4 in Summonings
  4371 | D:5      | an adder changed into a shapeshifter
  4371 | D:5      | Noticed a shapeshifter (shapeshifter)
  4371 | D:5      | a shapeshifter changed into a hog
  4371 | D:5      | Noticed a hog (shapeshifter)
  4391 | D:5      | Killed a hog
  4392 | D:5      | Reached skill level 5 in Summonings
  4619 | D:5      | Reached skill level 6 in Summonings
  4683 | D:5      | XOM: polymorph hound -> river rat
  4795 | D:5      | Learned a level 3 spell: Summon Guardian Golem
  4823 | D:5      | XOM: summons 2 hostile demons
  5082 | D:5      | Reached skill level 7 in Summonings
  5082 | D:5      | Reached XP level 8. HP: 42/45 MP: 9/15
  5232 | D:5      | XOM: divination: detect creatures
  5264 | D:6      | XOM: silly message
  5309 | D:6      | Found a hazy altar of Hepliaklqana.
  5324 | D:6      | XOM: silly message
  5433 | D:6      | an orc changed into a glowing shapeshifter
  5433 | D:6      | Noticed a glowing shapeshifter (glowing shapeshifter)
  5434 | D:6      | a glowing shapeshifter changed into a manticore
  5434 | D:6      | Noticed a manticore (glowing shapeshifter)
  5436 | D:6      | a manticore changed into a guardian serpent
  5436 | D:6      | Noticed a guardian serpent (glowing shapeshifter)
  5440 | D:6      | Killed a guardian serpent
  5441 | D:6      | Reached skill level 8 in Summonings
  5447 | D:6      | XOM: divination: detect creatures
  5461 | D:6      | XOM: swap monsters
  5468 | D:6      | Slain by a centaur

Illustrated notes

Levels and vault maps discovered:
D:1:      minmay_arrival_jagged, layout_loops_ring,
          shapermc_ecumenical_altar_ellora, hangedman_glass_teeth
D:2:      layout_loops_ring, corexii_corridor_pit, kennysheep_generic_room_2
D:3:      layout_basic, mainiacjoe_overflow_alcove_4,
          cheibrodos_sewer_entry_bend, hex_tiny
D:4:      layout_loops_ring, nicolae_wu_jian_immortal_techniques,
          nicolae_yredelemnul_corpse_copse
D:5:      layout_basic, mainiacjoe_overflow_catwalk
D:6:      layout_basic, general_overflow_altar, slow_altar_1,
          minmay_temple_entry_nine_rooms

Skill      XL: |  1  2  3  4  5  6  7  8 |
---------------+-------------------------+-----
Stealth        | 2 3 4 |  4.0
Short Blades   | 5 |  5.0
Dodging        | 3 |  3.7
Spellcasting   | 2 3 6 |  6.5
Summonings     | 1 3 7 8 |  8.3
Fighting       | |  2.4
Armour         | |  0.7

Action                   |  1- 3 |  4- 6 |  7- 9 || total
-------------------------+-------+-------+-------++-------
Melee: Short sword       |   142 |   270 |   133 ||   545
       Punch             |     2 |       |     5 ||     7
Throw: Dart              |       |       |     2 ||     2
 Cast: Call Canine Famil |       |       |    22 ||    22
       Summon Guardian G |       |       |     4 ||     4
Evoke: Piece from Xom's  |       |     5 |       ||     5
       Wand              |       |     2 |       ||     2
  Use: Scroll            |       |     7 |       ||     7
       Potion            |       |     4 |     1 ||     5
 Stab: Sleeping          |    15 |     4 |     2 ||    21
       Petrifying        |     2 |       |       ||     2
       Paralysed         |       |     1 |       ||     1
       Confused          |       |     2 |     1 ||     3
       Distracted        |       |     1 |     1 ||     2
Armor: Leather armour    |    35 |    66 |    56 ||   157
Dodge: Dodged            |    39 |   114 |   123 ||   276

Table legend: (Time is in decaauts)
 A = Elapsed time spent in this place.
 B = Non-inter-level travel time spent in this place.
 C = Inter-level travel time spent in this place.
 D = Time resting spent in this place.
 E = Time spent auto-exploring this place.
 F = Levels seen in this place.
 G = Mean time per level.
                   A        B        C        D        E       F      G
               +--------+--------+--------+--------+--------+-----+--------+
         Total |   5364 |   5188 |    176 |    922 |   2670 |   7 |  766.3 |
       Dungeon |   5211 |   5035 |    176 |    900 |   2593 |   6 |  868.5 |
         Sewer |    152 |    152 |      0 |     22 |     76 |   1 |  152.0 |
               +--------+--------+--------+--------+--------+-----+--------+

Top non-repeatable levels by time:
     D:4: 1370 daAuts
     D:5: 1282 daAuts
     D:1: 898 daAuts
     D:2: 764 daAuts
     D:3: 680 daAuts
     D:6: 214 daAuts
   Sewer: 152 daAuts
